 Dungeon Crawl Stone Soup version 0.26-a0-672-g1df16c3386 (webtiles) character file.

Game seed: 15077041752718866642

70 grandjackal the Slasher (level 4, 35/35 HPs)
             Began as a Demonspawn Gladiator on Oct 19, 2020.
             Quit the game on level 2 of the Dungeon.
             The game lasted 00:01:13 (1277 turns).

grandjackal the Slasher (Demonspawn Gladiator)      Turns: 1277, Time: 00:01:13

Health: 35/35      AC:  7    Str: 15    XL:     4   Next: 4%
Magic:  4/4        EV: 13    Int:  9    God:
Gold:   47         SH:  0    Dex: 15    Spells: 3/3 levels left

rFire    . . .     SeeInvis .   a - +0 long sword
rCold    . . .     Faith    .   (no shield)
rNeg     . . .     Spirit   .   b - +0 leather armour
rPois    .         Reflect  .   (helmet restricted)
rElec    .         Harm     .   (no cloak)
rCorr    .         Rampage  .   (no gloves)
MR       .....                  (no boots)
Stlth    +.........             (no amulet)
HPRegen  0.11/turn              k - +4 ring of protection
MPRegen  0.09/turn              l - ring of flight

@: no status effects
A: antennae 1, spiny 1
a: Evoke Flight


You were on level 2 of the Dungeon.
You visited 1 branch of the dungeon, and saw 2 of its levels.

You collected 47 gold pieces.

Inventory:

Hand Weapons
 a - a +0 long sword (weapon)
Missiles
 d - 3 throwing nets (quivered)
Armour
 b - a +0 leather armour (worn)
 c - a +0 helmet
Jewellery
 k - a +4 ring of protection (left hand)
 l - a ring of flight (right hand)
Wands
 p - a wand of iceblast (7)
Scrolls
 f - 3 scrolls of identify {unknown}
 g - 2 scrolls of immolation {unknown}
 i - 3 scrolls of enchant weapon {unknown}
 j - a scroll of remove curse {unknown}
 n - a scroll of teleportation {unknown}
 o - a scroll of noise {unknown}
Potions
 e - 3 potions of stabbing {unknown}
 h - a potion of flight {unknown}
 m - a potion of curing {unknown}


   Skills:
 + Level 3.0 Fighting
 + Level 3.4 Long Blades
 - Level 1.7 Throwing
 + Level 3.3 Dodging


You had 3 spell levels left.
You didn't know any spells.
Your spell library was empty.

Dungeon Overview and Level Annotations

Branches:
Dungeon (2/15)

Altars:
Fedhas


Innate Abilities, Weirdness & Mutations

You have a pair of small antennae on your head.
You are partially covered in sharp spines.


Message History

You see here a rat corpse.
An adder comes into view.
An adder is nearby!
An adder is nearby!
You hit the adder.
The adder is lightly wounded.
The adder is struck by your spines. The adder barely misses you.
You closely miss the adder.
The adder is moderately wounded.
The adder is struck by your spines. The adder bites you but does no damage.
The adder is struck by your spines.
You kill the adder!
Your Fighting skill increases to level 3!
You have reached level 4!
You feel agile.
You feel monstrous as your demonic heritage exerts itself.
Your demonic ancestry asserts itself...
A pair of antennae grows on your head!
Your +0 helmet falls away!
Are you sure you want to abandon this character and quit the game? (Confirm with "yes".)

♣.# ♣.# ..# ♣.# ##
♣.# ...###. ♣♣.#
......†♣♣♣♣♣♣..#
#@..†....##
#.#.......#####
♣.♣♣..........####
..♣♣.....####.....
♣♣.P♣#.#### #####.
..♣ #.# #. ♣.♣ #.#
#. #.. ..# #.
#########.


There were no monsters in sight!

Vanquished Creatures
  5 adders (D:2)
  3 goblins
  6 hobgoblins
  2 bats (D:2)
  3 frilled lizards
  6 kobolds
  4 rats
29 creatures vanquished.

Vanquished Creatures (others)
  A plant (D:2)
1 creature vanquished.

Grand Total: 30 creatures vanquished

Notes
Turn   | Place    | Note
-------+----------+-------------------------------------------
     0 | D:1      | grandjackal the Demonspawn Gladiator began the quest for
                  | the Orb.
     0 | D:1      | Reached XP level 1. HP: 16/16 MP: 1/1
   388 | D:1      | Gained mutation: You are partially covered in sharp spines.
                  | [demonic ancestry]
   388 | D:1      | Reached XP level 2. HP: 22/22 MP: 2/2
   627 | D:1      | You fall into a shaft and drop 1 floor!
  1099 | D:2      | Found a blossoming altar of Fedhas.
  1122 | D:2      | Reached XP level 3. HP: 28/28 MP: 3/3
  1276 | D:2      | Gained mutation: You have a pair of small antennae on your
                  | head. [demonic ancestry]
  1276 | D:2      | Reached XP level 4. HP: 35/35 MP: 4/4
  1277 | D:2      | Quit the game

Illustrated notes

Levels and vault maps discovered:
D:1:      onia_arrival_mini_maze, layout_loops_corners, st_stairs_13
D:2:      wander_river, layout_rooms, overflow_temple_1_default, serial_forest,
          infiniplex_forest_lined_corner, infiniplex_forest_clump_long,
          infiniplex_forest_clump_small, infiniplex_forest_end_2,
          infiniplex_forest_straight_5, infiniplex_forest_pool,
          infiniplex_forest_pool, infiniplex_forest_clump_medium,
          infiniplex_forest_corner_2, infiniplex_forest_straight_4

Skill      XL: |  1  2  3 |
---------------+----------+-----
Long Blades    | 3 |  3.4
Dodging        | 3 |  3.3
Fighting       | 3 |  3.0
Throwing       | |  1.7

Action                   |  1- 3 |  4- 6 || total
-------------------------+-------+-------++-------
Melee: Long sword        |    52 |       ||    52
 Stab: Sleeping          |     2 |       ||     2
Armor: Leather armour    |    14 |       ||    14
Dodge: Dodged            |    49 |       ||    49
       Rpst.: Long sword |    10 |       ||    10

Table legend: (Time is in decaauts)
 A = Elapsed time spent in this place.
 B = Non-inter-level travel time spent in this place.
 C = Inter-level travel time spent in this place.
 D = Time resting spent in this place.
 E = Time spent auto-exploring this place.
 F = Levels seen in this place.
 G = Mean time per level.
                   A        B        C        D        E       F      G
               +--------+--------+--------+--------+--------+-----+--------+
         Total |   1290 |   1231 |     59 |      0 |   1060 |   2 |  645.0 |
       Dungeon |   1290 |   1231 |     59 |      0 |   1060 |   2 |  645.0 |
               +--------+--------+--------+--------+--------+-----+--------+

Top non-repeatable levels by time:
     D:1: 951 daAuts
     D:2: 338 daAuts
